 Dungeon Crawl Stone Soup version 0.14.0-6-g1bc2dff (webtiles) character file.

22902 Kejsarherre the Severer (level 12, 0/113 HPs)
             Began as a Minotaur Monk on Apr 11, 2014.
             Was the Champion of Okawaru.
             Slain by a three-headed hydra (10 damage)
             ... on Level 2 of the Lair of Beasts.
             The game lasted 00:45:08 (12665 turns).

Kejsarherre the Severer (Minotaur Monk)            Turns: 12665, Time: 00:45:08

HP   0/113       AC 17     Str 21      XL: 12   Next: 60%
MP  17/17        EV 11     Int  7      God: Okawaru [******]
Gold 701         SH  0     Dex 12      Spells:  0 memorised, 11 levels left

rFire  . . .     SeeInvis .     C - +2,+1 falchion (flame)
rCold  + . .     Clarity  +     u - +3 chain mail {rPois}
rNeg   . . .     Conserve .     (no shield)
rPois  +         rCorr    .     (helmet restricted)
rElec  .         rRot     .     R - +1 cloak
SustAb . .       Spirit   .     (no gloves)
rMut   +         Warding  .     (no boots)
Saprov . . .     Stasis   .     k - amulet of resist mutation
MR     .....                    y - +4 ring of evasion
                                x - cursed ring of protection from cold

@: not resistant to hostile enchantments, extremely unstealthy
A: retaliatory headbutt, horns 2, rough black scales 1, clarity, low mp 1
a: Heroism, Finesse, Renounce Religion


You were on level 2 of the Lair of Beasts.
You worshipped Okawaru.
Okawaru was exalted by your worship.
You were hungry.

You visited 2 branches of the dungeon, and saw 15 of its levels.

You collected 701 gold pieces.

Inventory:

Hand weapons
 e - a +3,+0 battleaxe of freezing
 g - a +6,+2 executioner's axe of pain
 m - a +3,+1 broad axe of chopping
 C - a +2,+1 falchion of flaming (weapon)
 G - the +4,+8 hand axe of the King {venom, rElec SInv}
   (Okawaru gifted it to you on level 2 of the Lair of Beasts)

   It poisons the flesh of those it strikes.
   It insulates you from electricity.
   It enhances your eyesight.
Armour
 u - a +3 chain mail of poison resistance (worn)
 R - a +1 cloak (worn)
Magical devices
 c - a wand of cold (4)
 I - a wand of cold (0)
Comestibles
 b - 5 bread rations
 l - 4 chokos
 n - 6 meat rations
 o - a rambutan
 v - 4 pears
 w - 3 apples
 K - 8 cheeses
 U - 2 rotting chunks of komodo dragon flesh
Scrolls
 r - 5 scrolls of teleportation
 t - 3 scrolls of recharging
 N - 5 scrolls of remove curse
 O - a scroll of fear
 Q - 4 scrolls of blinking
 T - a scroll of fog
Jewellery
 k - an amulet of resist mutation (around neck)
 s - an uncursed amulet of resist corrosion {unknown}
 x - a cursed ring of protection from cold (left hand)
 y - a +4 ring of evasion (right hand)
 B - an uncursed ring of protection from cold
Potions
 a - 3 potions of heal wounds
 d - 2 potions of haste
 f - a potion of restore abilities
 h - 5 potions of brilliance
 i - a potion of flight
 j - a potion of cure mutation
 p - 6 potions of curing
 z - a potion of lignification
 D - 5 potions of might
 E - a potion of invisibility
 H - a potion of agility
 J - 2 potions of berserk rage
 L - a potion of resistance
Books
 q - Vehumet's Volume of Confrontation
   (You found it on level 6 of the Dungeon)

   Spells                             Type                      Level
   Flame Tongue                       Conjuration/Fire             1
   Dazzling Spray                     Conjuration/Hexes            3
   Venom Bolt                         Conjuration/Poison           5
   Bolt of Magma                      Conjuration/Fire/Earth       5
 A - a book of Geomancy

   Spells                             Type                      Level
   Sandblast                          Earth                        1
   Stoneskin                          Transmutation/Earth          2
   Passwall                           Transmutation/Earth          3
   Stone Arrow                        Conjuration/Earth            3
   Petrify                            Transmutation/Earth          4
   Lee's Rapid Deconstruction         Earth                        5
 F - a book of Callings

   Spells                             Type                      Level
   Summon Small Mammal                Summoning                    1
   Call Imp                           Summoning                    2
   Call Canine Familiar               Summoning                    3
   Summon Guardian Golem              Hexes/Summoning              4
   Summon Lightning Spire             Summoning/Air                4
   Summon Ice Beast                   Ice/Summoning                4
 P - a book of the Tempests

   Spells                             Type                      Level
   Static Discharge                   Conjuration/Air              3
   Lightning Bolt                     Conjuration/Air              5
   Fireball                           Conjuration/Fire             5
   Tornado                            Air                          9
   Shatter                            Earth                        9
 S - a Grand Grimoire {highlevel}

   This book is beyond your current level of understanding.

   Spells                             Type                      Level
   Aura of Abjuration                 Summoning                    6
   Forceful Dismissal                 Summoning                    6
   Haunt                              Necromancy/Summoning         7
   Summon Greater Demon               Summoning                    7
   Malign Gateway                     Summoning/Translocation      7
   Summon Horrible Things             Summoning                    8
 V - a Necronomicon {highlevel, unknown}

   This book is beyond your current level of understanding.

   Spells                             Type                      Level
   Haunt                              Necromancy/Summoning         7
   Borgnjor's Revivification          Necromancy                   8
   Death's Door                       Charms/Necromancy            8
   Necromutation                      Transmutation/Necromancy     8


   Skills:
 + Level 12.8 Fighting
 * Level 18.5 Axes
 - Level 3.2 Dodging
 - Level 1.5 Stealth
 - Level 4.3 Unarmed Combat
 * Level 7.3 Invocations


You had 11 spell levels left.
You didn't know any spells.

Dungeon Overview and Level Annotations

Branches:
Dungeon (13/15)            Temple (0/1) D:4             Orc (0/4) D:9
   Lair (2/8) D:9
 Vaults: D:13-14

Altars:
Dithmenos
Okawaru
Trog
Xom
The Shining One

Shops:
D:4 =

Annotations:
D:2 Sigmund
D:11 exclusion: oklob plant


Innate Abilities, Weirdness & Mutations

You reflexively headbutt those who attack you in melee.
You have a pair of horns on your head.
You are partially covered in rough black scales (AC +4, Dex -1).
You possess an exceptional clarity of mind.
Your magical capacity is low (-10% MP).


Message History

The four-headed hydra is heavily wounded.
The four-headed hydra bites you but does no damage. x3
The four-headed hydra bites you!
* * * LOW HITPOINT WARNING * * *
Unknown command.
Unknown command.
You chop one of the four-headed hydra's heads off!
The flame cauterises the wound!
You hit the three-headed hydra. You burn the three-headed hydra.
The three-headed hydra is heavily wounded.
The three-headed hydra bites you.
* * * LOW HITPOINT WARNING * * *
The three-headed hydra barely misses you.
The three-headed hydra bites you but does no damage.
The three-headed hydra bites you!
* * * LOW HITPOINT WARNING * * *
The three-headed hydra bites you!
* * * LOW HITPOINT WARNING * * *
The three-headed hydra bites you!
You die...

.................................
.................................
....................>............
##.P##...........#######.#.#.....
#....#...........# ####....#.
+....%..#.##.##..# #...###
.....f..###.####.## ##..# #
........# ### #Df# #..###
........# ##@## ######...f#.
.....#..f######...####..P.##...##
##..+.........................P#
.... .......####.............P.##
............ #................. #
#.#.....## #.....f.PP#....+#.
#.......# #....#............
.....P #....#.##.##....#. #....#
##......####.......


You could see a three-headed hydra.

Vanquished Creatures
  3 hydras
  A centaur warrior (D:13)
  2 unseen horrors
  Pikel (D:5)
  4 hill giants
  A manticore (D:13)
  The ghost of Elizilla the Hoplite, an experienced FoFi of Dithmenos (D:7)
  A cyclops (D:10)
  Maurice (D:10)
  A black mamba (Lair:2)
  A spiny frog (Lair:1)
  6 trolls
  3 komodo dragons
  2 two-headed ogres (D:12)
  7 blink frogs
  A wraith (D:10)
  13 yaks
  A trapdoor spider (D:12)
  5 ugly things (D:12)
  2 elephant slugs (Lair:2)
  2 deep elf magi
  3 hippogriffs
  4 wargs (D:9)
  A hungry ghost (D:12)
  A water moccasin (Lair:1)
  A necrophage (D:12)
  A sky beast (D:12)
  A porcupine (Lair:1)
  2 ice beasts
  4 orc warriors
  A slave (D:5)
  2 phantoms
  A yellow wasp (D:13)
  9 ogres
  6 centaurs
  5 big kobolds
  Duvessa (D:5)
  2 crocodiles
  8 giant frogs
  4 scorpions
  8 killer bees (D:9)
  8 wights (D:6)
  A centaur zombie (D:12)
  A goliath beetle (D:10)
  A giant frog zombie (D:6)
  Dowan (D:5)
  3 crimson imps
  2 jellies
  9 hounds
  2 quasits
  3 orc priests
  8 orc wizards
  Natasha (twice) (D:5)
  8 worker ants
  3 iguanas
  4 sheep
  2 mummies
  12 adders
  A gnoll (D:10)
  27 green rats (Lair:2)
  A goliath beetle zombie (D:8)
  An inept item mimic (D:3)
  A shadow imp (D:8)
  8 worms
  A giant eyeball (D:13)
  5 giant geckos
  An ooze (D:1)
  36 orcs
  3 giant cockroaches
  13 hobgoblins
  16 kobolds
  A ball python (D:4)
  16 bats
  A giant newt (D:5)
  4 giant spores
  7 goblins
  A hobgoblin zombie (D:5)
  20 jackals
  A kobold zombie (D:6)
  2 orc skeletons
  A quokka (D:3)
  18 rats
  16 ballistomycetes
396 creatures vanquished.

Vanquished Creatures (others)
  A scorpion (D:9)
  A worm (D:11)
  2 giant spores
  A kobold (D:5)
  A ballistomycete (D:8)
6 creatures vanquished.

Grand Total: 402 creatures vanquished

Notes
Turn   | Place    | Note
--------------------------------------------------------------
     0 | D:1      | Kejsarherre, the Minotaur Monk, began the quest for the Orb.
     0 | D:1      | Reached XP level 1. HP: 19/19 MP: 1/1
    56 | D:1      | Reached XP level 2. HP: 21/27 MP: 1/1
   577 | D:2      | Reached skill level 5 in Fighting
   595 | D:2      | Reached XP level 3. HP: 27/36 MP: 2/2
  1056 | D:2      | Noticed Sigmund
  1099 | D:3      | Reached XP level 4. HP: 41/44 MP: 2/2
  1111 | D:3      | Reached skill level 6 in Fighting
  1488 | D:3      | Noticed a centaur
  1502 | D:3      | Killed a centaur
  1502 | D:3      | Reached skill level 7 in Fighting
  1502 | D:3      | Reached XP level 5. HP: 33/52 MP: 2/2
  1764 | D:3      | Found an iron altar of Okawaru.
  1764 | D:3      | Found a shadowy altar of Dithmenos.
  1765 | D:3      | Found a bloodstained altar of Trog.
  1946 | D:3      | Became a worshipper of Warmaster Okawaru
  1946 | D:3      | Acquired Okawaru's first power
  2138 | D:4      | Found a staircase to the Ecumenical Temple.
  2311 | D:4      | Reached skill level 1 in Axes
  2518 | D:4      | Found Doirch's Jewellery Shoppe.
  2697 | D:4      | Reached XP level 6. HP: 16/61 MP: 3/3
  2701 | D:4      | Reached skill level 8 in Fighting
  2949 | D:4      | Noticed an ogre
  3094 | D:5      | Entered Level 5 of the Dungeon
  3328 | D:5      | Noticed Pikel
  3343 | D:5      | Killed Pikel
  3343 | D:5      | Reached skill level 9 in Fighting
  3343 | D:5      | Reached skill level 5 in Axes
  3343 | D:5      | Reached XP level 7. HP: 25/70 MP: 1/3
  3452 | D:5      | Noticed Dowan
  3628 | D:5      | Noticed Duvessa
  3628 | D:5      | Killed Dowan
  3677 | D:5      | Killed Duvessa
  3709 | D:5      | Noticed Natasha
  3714 | D:5      | Killed Natasha
  3714 | D:5      | Reached skill level 1 in Invocations
  3791 | D:5      | Reached XP level 8. HP: 72/78 MP: 4/4
  3836 | D:5      | Noticed Natasha
  4221 | D:5      | Killed Natasha
  4426 | D:6      | Gained mutation: Your magical capacity is low (-10% MP). [potion of mutation]
  4426 | D:6      | Gained mutation: You possess an exceptional clarity of mind. [potion of mutation]
  4426 | D:6      | Gained mutation: You are partially covered in rough black scales (AC +4, Dex -1). [potion of mutation]
  4727 | D:6      | Found a glowing golden altar of the Shining One.
  4873 | D:6      | Identified Vehumet's Volume of Confrontation
  4918 | D:6      | Reached skill level 10 in Fighting
  5437 | D:6      | Reached XP level 9. HP: 85/85 MP: 6/6
  5571 | D:7      | Found a shimmering altar of Xom.
  5730 | D:7      | Noticed Elizilla's ghost (experienced FoFi)
  5744 | D:7      | Killed Elizilla's ghost
  5744 | D:7      | Acquired Okawaru's second power
  5744 | D:7      | Reached skill level 10 in Axes
  6486 | D:8      | Reached skill level 11 in Axes
  6661 | D:8      | Received a gift from Okawaru
  6877 | D:8      | Reached skill level 12 in Axes
  7215 | D:9      | Found a staircase to the Orcish Mines.
  7223 | D:9      | Reached XP level 10. HP: 77/94 MP: 9/9
  7499 | D:9      | Reached skill level 13 in Axes
  7540 | D:9      | Noticed a two-headed hydra
  7543 | D:9      | Killed a hydra
  7592 | D:9      | Found a staircase to the Lair.
  8070 | D:10     | Entered Level 10 of the Dungeon
  8154 | D:9      | Reached skill level 14 in Axes
  8181 | D:10     | Reached skill level 5 in Invocations
  8430 | D:10     | Noticed Maurice
  8493 | D:10     | Killed Maurice
  8537 | D:10     | Noticed a hill giant
  8544 | D:10     | Killed a hill giant
  8544 | D:10     | Received a gift from Okawaru
  8544 | D:10     | Reached XP level 11. HP: 102/102 MP: 9/11
  8754 | D:10     | Reached skill level 15 in Axes
  8857 | D:11     | Noticed an eight-headed hydra
  8912 | D:11     | Noticed a hill giant
  8923 | D:11     | Killed a hill giant
  9328 | D:11     | Killed an unseen horror
  9439 | D:11     | Noticed a hill giant
  9447 | D:11     | Killed a hill giant
  9447 | D:11     | Reached skill level 16 in Axes
  9512 | D:11     | Noticed a seven-headed hydra
  9689 | D:12     | Noticed a four-headed hydra
  9699 | D:12     | Killed a hydra
  9703 | D:12     | Received a gift from Okawaru
 10023 | D:12     | Reached skill level 17 in Axes
 10267 | D:12     | Killed an unseen horror
 10280 | D:12     | Reached XP level 12. HP: 76/112 MP: 14/16
 10433 | D:12     | Received a gift from Okawaru
 11451 | Lair:1   | Entered Level 1 of the Lair of Beasts
 11930 | Lair:2   | Noticed a six-headed hydra
 11937 | Lair:2   | Reached skill level 18 in Axes
 11960 | Lair:2   | Killed a four-headed hydra
 12456 | Lair:2   | Received a gift from Okawaru
 12462 | Lair:2   | Got a shimmering hand axe {god gift}
 12463 | Lair:2   | Identified the +4,+8 hand axe of the King {venom, rElec SInv} (Okawaru gifted it to you on level 2 of the Lair of Beasts)
 12644 | Lair:2   | Noticed a five-headed hydra
 12665 | Lair:2   | Slain by a three-headed hydra

Action                   |  1- 3 |  4- 6 |  7- 9 | 10-12 || total
-------------------------+-------+-------+-------+-------++-------
Melee: Unarmed           |    90 |    23 |       |       ||   113
       Hand axe          |       |    77 |       |    20 ||    97
       War axe           |       |    26 |   284 |   195 ||   505
       Falchion          |       |       |       |    12 ||    12
       Broad axe         |       |       |       |   143 ||   143
       Battleaxe         |       |       |       |   166 ||   166
       Executioner's axe |       |       |       |    64 ||    64
Throw: Throwing net      |     1 |       |       |     4 ||     5
Invok: Heroism           |       |     1 |     2 |     6 ||     9
       Finesse           |       |       |       |     1 ||     1
Evoke: Wand              |       |       |     3 |    14 ||    17
  Use: Potion            |       |     7 |     1 |       ||     8
       Scroll            |       |    10 |    14 |     3 ||    27
 Stab: Distracted        |       |     1 |       |       ||     1
